 Dungeon Crawl Stone Soup version 0.29.1-13-g9f3cf754e1 (webtiles) character file.

Game seed: 17517951760088227435

183036 sanboga the Warrior (level 17, -3/120 HPs)
             Began as a Gargoyle Fighter on Feb 7, 2023.
             Was the Champion of Trog.
             Killed from afar by a will-o-the-wisp (27 damage)
             ... with a foxfire
             ... on level 4 of the Swamp on Feb 8, 2023.
             The game lasted 00:44:53 (31667 turns).

sanboga the Warrior (Gargoyle Fighter)             Turns: 31667, Time: 00:44:54

Health: -3/120     AC: 47    Str: 35    XL:     17   Next: 98%
Magic:  17/17      EV:  6    Int:  8    God:    Trog [******]
Gold:   489        SH: 24    Dex: 12    Spells: 16/16 levels left

rFire   . . .      SeeInvis .   b - +9 broad axe (flame)
rCold   . . .      Faith    .   G - +0 tower shield
rNeg    + . .      Spirit   .   p - +0 crystal plate armour
rPois   ∞          Reflect  +   I - +2 helmet
rElec   +          Harm     .   s - +0 cloak
rCorr   .          Rampage  .   h - +0 pair of fencer's gloves {Riposte Dex+3}
Will    ++...                   e - +1 pair of boots "Uzodugaa" {rPois Will+}
Stlth   ..........              v - amulet of reflection
HPRegen 0.30/turn               z - +4 ring of slaying
MPRegen 0.15/turn               C - +6 ring of strength

@: flying, studying 5 skills, unable to drink
A: sickness immunity, AC +12, big wings, negative energy resistance 1,
electricity resistance, torment resistance 1, petrification resistance, no
potion heal 1, inability to drink after injury 1
}: 1/15 runes: decaying
a: Renounce Religion, Berserk, Trog's Hand, Brothers in Arms


You were on level 4 of the Swamp.
You worshipped Trog.
Trog was exalted by your worship.
You visited 5 branches of the dungeon, and saw 27 of its levels.
You also visited: Trove, Sewer, Bailey and Gauntlet.

You collected 3329 gold pieces.
You spent 2840 gold pieces at shops.

Inventory:

Hand Weapons
 a - a +6 vorpal broad axe
 b - a +9 broad axe of flaming (weapon)
Armour
 e - the +1 pair of boots "Uzodugaa" (worn) {rPois Will+}
   (You found it on level 1 of the Swamp)

   rPois:     It protects you from poison.
   Will:      It increases your willpower.
 h - the +0 pair of fencer's gloves (worn) {Riposte Dex+3}
   (You acquired it in a bailey)

   It allows the wearer to riposte with melee weapons, swiftly retaliating
   against missed or blocked melee attacks.
   Dex:       It affects your dexterity (+3).
 p - a +0 crystal plate armour (worn)
 s - a +0 cloak (worn)
 G - a +0 tower shield (worn)
 I - a +2 helmet (worn)
Jewellery
 j - a ring of see invisible
 v - an amulet of reflection (around neck)
 z - a +4 ring of slaying (left hand)
 C - a +6 ring of strength (right hand)
 K - a ring of protection from fire
Wands
 i - a wand of flame (58)
 m - a wand of mindburst (50)
 B - a wand of paralysis (8)
 E - a wand of iceblast (7)
 F - a wand of acid (13)
Scrolls
 c - 6 scrolls of magic mapping
 d - 15 scrolls of teleportation
 f - 2 scrolls of brand weapon
 g - 9 scrolls of enchant armour
 k - 3 scrolls of fog
 n - 5 scrolls of blinking
 x - a scroll of torment
 y - 7 scrolls of fear
 A - a scroll of summoning
Potions
 l - 16 potions of curing
 o - 3 potions of cancellation
 q - 7 potions of haste
 r - 6 potions of invisibility
 t - 8 potions of heal wounds
 u - 4 potions of ambrosia
 w - a potion of berserk rage
 D - 10 potions of might
 H - 6 potions of mutation
 J - a potion of resistance


   Skills:
 + Level 18.7 Fighting
 - Level 18.0 Axes
 + Level 16.2 Armour
 + Level 16.7 Shields


You had 16 spell levels left.
You didn't know any spells.
Your spell library contained the following spells:

 Spells                   Type           Power      Damage    Failure   Level
 Portal Projectile        Hex/Tloc       0%         N/A       100%        3
 Tukima's Dance           Hex            0%         N/A       100%        3
 Blade Hands              Tmut           0%         N/A       100%        5


Dungeon Overview and Level Annotations

Branches:
Dungeon (15/15)            Temple (1/1) D:7            Lair (5/5) D:11
  Swamp (4/4) Lair:3       Spider (0/4) Lair:3        Slime (0/5) Lair:5
    Orc (2/2) D:11            Elf (0/3) Orc:2        Vaults (0/5) D:14
 Depths (0/4) D:15          Sewer (visited)          Bailey (visited)
Gauntlet (visited)

Altars:
Ashenzari
Cheibriados
Dithmenos
Elyvilon
Fedhas
Gozag
Hepliaklqana
Kikubaaqudgha
Makhleb
Nemelex Xobeh
Okawaru
Qazlal
Ru
Sif Muna
Trog
Uskayaw
Vehumet
Wu Jian
Xom
Yredelemnul
Zin
The Shining One
Jiyva

Shops:
D:5 *   D:6 (   D:11 !   D:12 ?![*:   Orc:1 ?   Orc:2 *(*(


Innate Abilities, Weirdness & Mutations

You are immune to sickness and miasma.
Your stone body is resilient. (AC +12)
You are immune to poison.
Your large and strong wings let you fly.
You resist negative energy. (rN+)
You are resistant to electric shocks. (rElec)
You are resistant to unholy torment.
You are immune to petrification.
Potions are less effective at restoring your health.
You occasionally lose the ability to drink potions when taking damage.


Message History

You are too injured to fight recklessly!
You are too injured to fight recklessly!
You are too injured to fight recklessly!
You are too injured to fight recklessly!
You are too injured to fight recklessly!
You are too injured to fight recklessly!
You are too injured to fight recklessly!
You are too injured to fight recklessly!
You closely miss the swamp worm.
The swamp worm is severely wounded.
You closely miss the will-o-the-wisp. You block the swamp worm's attack.
You riposte.
You slice the swamp worm!! You burn the swamp worm.
You kill the swamp worm!
Trog accepts your kill.
You slash the will-o-the-wisp! You burn the will-o-the-wisp.
You block the goliath frog's attack. You block the will-o-the-wisp's attack.
You riposte.
You slice the will-o-the-wisp like a ripe choko!!!
You burn the will-o-the-wisp.
You destroy the will-o-the-wisp!
Trog accepts your kill.
You closely miss the goliath frog. The goliath frog hits you!
* * * LOW HITPOINT WARNING * * *
You are splashed with acid!
* * * LOW HITPOINT WARNING * * *
You completely miss the goliath frog.
The goliath frog is severely wounded.
The swamp worm fires a harpoon shot at you.
The harpoon shot reflects off an invisible shield around you!
The harpoon shot hits the swamp worm!
The will-o-the-wisp gestures.
The will-o-the-wisp conjures some foxfire!
The goliath frog hits you but does no damage. 2 foxfires come into view.
You miss the goliath frog.
The goliath frog is severely wounded.
The foxfire hits you but does no damage.
The foxfire hits you!!
You feel threatened and lose the ability to drink potions!
You die...

~~..~~~~.♣♣ ♣.
.~~~~§~..~♣ ♣♣.♣ .
~~~~~~§.♣♣♣ ♣... .♣
~~~~~~~~♣♣♣♣♣♣♣♣ ~.~~§~.
~~~~~~~§.♣.§...♣♣♣!~♣~.§~
~~§~~§~.........♣§..≈≈≈
~~~....~~~...~~.♣§†§♣
~~~~~~.~~~~~..~~.~§♣
~~~~~~.~~~~~~.~~@/§♣≈~♣
♣~~.....~~~~~.§~Fv§~§§§~
..~~~~~~~~~~.♣..v§§§~~~≈
.~~~~~~~~§§~~..~§≈♣w~~~~§
~~~~~~~~~~~~~..♣≈§§♣~≈~§§
~~~.~♣~~~..§~~~≈~§§§...§§
~~~.♣♣[♣♣♣~♣~~~≈≈~♣§§..§≈
~§....♣♣ ♣♣♣♣..♣≈≈♣§§~.~
..~~~.♣♣♣ ♣♣♣♣♣.. ...


You could see a goliath frog, a will-o-the-wisp and a swamp worm.

Vanquished Creatures
  Frances (D:11)
  2 thorn hunters (Swamp:4)
  Roxanne (Swamp:3)
  2 orc warlords
  4 eleionomae
  4 bunyips
  A minotaur (Gauntlet)
  A dire elephant (Gauntlet)
  An ettin (D:15)
  A fire dragon (Lair:5)
  A ghost crab (Swamp:3)
  2 boulder beetles (D:11)
  5 vault guards (D:14)
  25 hydras
  4 ogre magi (Orc:2)
  19 two-headed ogres
  6 alligators
  5 centaur warriors
  3 tengu warriors
  A hell knight (D:15)
  An orc high priest (Orc:1)
  A wretched star (Gauntlet)
  4 skeletal warriors
  7 goliath frogs
  3 spriggan druids
  A deep troll (D:15)
  2 bog bodies
  10 swamp dragons
  2 wizards (D:15)
  A lindwurm (Lair:5)
  Pikel (D:7)
  2 deep elf pyromancers
  2 orc knights
  4 orc sorcerers
  6 manticores
  5 ugly things
  2 oklob plants (Lair:1)
  3 cyclopes
  5 will-o-the-wisps
  8 black mambas
  15 elephants
  8 torpor snails
  16 cane toads
  3 unseen horrors
  2 gargoyles
  A kobold demonologist (D:9)
  A yaktaur (D:14)
  3 rime drakes
  7 komodo dragons
  An efreet (D:14)
  3 tengu conjurers (D:14)
  8 trolls
  8 tyrant leeches
  16 hornets
  A queen bee (Lair:4)
  12 meliai
  3 polar bears
  A tarantella (shapeshifter) (D:14)
  13 blink frogs
  3 slime creatures (D:13)
  7 dream sheep
  A centaur simulacrum (D:14)
  8 spriggans
  46 yaks
  2 wyverns
  6 humans
  6 basilisks
  A neqoxec (Gauntlet)
  A steam dragon (D:7)
  28 vampire mosquitoes
  Edmund (D:5)
  Menkaure (D:6)
  2 wargs (Orc:1)
  21 swamp worms
  3 acid dragons
  15 water moccasins
  2 black bears
  27 orc warriors
  13 swamp drakes
  An ice beast (D:8)
  2 wolves (Lair:4)
  31 ogres
  7 centaurs
  4 lemures (D:7)
  A phantom (D:4)
  5 kobold brigands
  5 gnoll sergeants
  5 bullfrogs
  A scorpion (D:5)
  3 wights (D:9)
  45 killer bees
  3 electric eels
  3 howler monkeys
  2 hounds (D:4)
  A gnoll bouda (Orc:1)
  15 orc priests
  5 iguanas
  26 orc wizards
  A boggart simulacrum (D:15)
  Robin (D:2)
  32 gnolls
  8 river rats (Sewer)
  21 adders
  5 white imps
  3 ufetubi
  4 worms
  7 dart slugs
  92 orcs
  9 endoplasms
  5 giant cockroaches
  25 goblins
  13 hobgoblins
  14 jackals
  29 kobolds
  6 quokkas
  5 ball pythons
  12 bats
  6 frilled lizards
  6 rats
  A bush (D:1)
945 creatures vanquished.

Vanquished Creatures (collateral kills)
  Eustachio (D:6)
1 creature vanquished.

Vanquished Creatures (others)
  A briar patch (Swamp:4)
  17 foxfires
  13 fungi
  58 plants
  14 withered plants (Gauntlet)
103 creatures vanquished.

Grand Total: 1049 creatures vanquished

Notes
Turn   | Place    | Note
-------+----------+-------------------------------------------
     0 | D:1      | sanboga the Gargoyle Fighter began the quest for the Orb.
     0 | D:1      | Reached XP level 1. HP: 14/14 MP: 1/1
   295 | D:1      | Reached XP level 2. HP: 16/19 MP: 2/2
  1029 | D:1      | Reached XP level 3. HP: 23/23 MP: 3/3
  1620 | D:2      | Found a faded altar of an unknown god.
  1920 | D:2      | Reached XP level 4. HP: 28/29 MP: 4/4
  1940 | D:2      | Noticed Robin
  1955 | D:2      | Killed Robin
  2493 | D:3      | Reached XP level 5. HP: 30/33 MP: 5/5
  2554 | D:3      | Found an iron altar of Okawaru.
  3494 | D:4      | Reached XP level 6. HP: 39/39 MP: 6/6
  3531 | D:4      | Noticed a black bear
  3544 | D:4      | Killed a black bear
  3803 | D:4      | Found a glowing drain.
  3836 | Sewer    | Entered a sewer
  3859 | Sewer    | Reached XP level 7. HP: 29/44 MP: 7/7
  4374 | Sewer    | Reached skill level 5 in Fighting
  4751 | D:4      | Found an opulent altar of Gozag.
  4895 | D:4      | Reached skill level 5 in Armour
  4895 | D:4      | Reached skill level 5 in Shields
  4949 | D:4      | Reached skill level 5 in Axes
  5354 | D:5      | Entered Level 5 of the Dungeon
  5354 | D:5      | Noticed Edmund
  5369 | D:5      | Killed Edmund
  5370 | D:5      | Reached XP level 8. HP: 36/50 MP: 8/8
  5731 | D:5      | Found Picwos's CLEARANCE SALE!.
  5741 | D:5      | Bought a scroll of acquirement for 260 gold pieces
  5741 | D:5      | Bought a potion of might for 20 gold pieces
  5741 | D:5      | Acquired a manual of Fighting
  5984 | D:5      | Found a broken altar of Ashenzari.
  6108 | D:6      | Noticed Menkaure
  6117 | D:6      | Killed Menkaure
  6924 | D:6      | Noticed Eustachio
  6972 | D:6      | Killed Eustachio
  6973 | D:6      | Reached XP level 9. HP: 33/57 MP: 9/9
  7173 | D:6      | Found Plog's Antique Weapon Boutique.
  7613 | D:7      | Found an ancient bone altar of Kikubaaqudgha.
  8121 | D:7      | Found a staircase to the Ecumenical Temple.
  8128 | D:7      | Noticed Pikel
  8161 | D:7      | Killed Pikel
  8373 | Temple   | Entered the Ecumenical Temple
  8391 | Temple   | Became a worshipper of Trog the Wrathful
  8943 | D:7      | Found a large runed translucent door.
  8944 | D:7      | Found a large runed translucent door.
  8961 | D:7      | Found a shimmering altar of Xom.
  8966 | D:7      | Found a shadowy altar of Dithmenos.
  9041 | D:8      | Noticed a hornet
  9060 | D:8      | Killed a hornet
  9061 | D:8      | Reached XP level 10. HP: 36/66 MP: 10/10
  9068 | D:8      | Found a flagged portal.
  9077 | Bailey   | Entered a bailey
  9107 | Bailey   | Noticed an orc warlord
  9119 | Bailey   | Reached * piety under Trog
  9557 | Bailey   | Noticed an orc knight
  9570 | Bailey   | Killed an orc knight
  9573 | Bailey   | Found a runed translucent gate.
  9585 | Bailey   | Found a runed translucent gate.
  9587 | Bailey   | Found a runed translucent gate.
  9792 | Bailey   | Killed an orc warlord
  9793 | Bailey   | Reached skill level 10 in Fighting
  9933 | Bailey   | Acquired the +0 pair of fencer's gloves {Riposte Dex+3}
  9933 | Bailey   | Found the +0 pair of fencer's gloves {Riposte Dex+3}
 10242 | D:8      | Reached ** piety under Trog
 10557 | D:9      | Noticed a kobold demonologist
 10569 | D:9      | Killed a kobold demonologist
 10570 | D:9      | Reached XP level 11. HP: 74/74 MP: 11/11
 10790 | D:5      | Bought a +4 ring of slaying for 390 gold pieces
 10885 | D:9      | Reached skill level 10 in Axes
 11583 | D:9      | Reached *** piety under Trog
 11706 | D:10     | Entered Level 10 of the Dungeon
 12476 | D:11     | Noticed a two-headed ogre
 12483 | D:11     | Killed a two-headed ogre
 12597 | D:11     | Noticed a cyclops
 12605 | D:11     | Killed a cyclops
 12624 | D:11     | Noticed a boulder beetle
 12634 | D:11     | Reached **** piety under Trog
 12650 | D:11     | Killed a boulder beetle
 12803 | D:11     | Found Isajaoc's Distillery.
 12815 | D:11     | Bought a potion of mutation for 120 gold pieces
 12815 | D:11     | Bought a potion of berserk rage for 75 gold pieces
 12872 | D:11     | Noticed a boulder beetle
 12879 | D:11     | Killed a boulder beetle
 12880 | D:11     | Reached skill level 10 in Armour
 12880 | D:11     | Reached skill level 10 in Shields
 12880 | D:11     | Reached XP level 12. HP: 72/82 MP: 12/12
 13134 | D:11     | Found a staircase to the Lair.
 13222 | D:11     | Noticed a two-headed ogre
 13227 | D:11     | Killed a two-headed ogre
 13675 | D:11     | Found a staircase to the Orcish Mines.
 13860 | D:11     | Bought a potion of heal wounds for 75 gold pieces
 13875 | D:12     | Noticed Frances
 14099 | D:11     | Killed Frances
 14641 | D:12     | Found Furphoti's Magic Scroll Emporium.
 14700 | D:12     | Found Daimag's Distillery.
 14700 | D:12     | Found Piusadot's Antique Armour Shop.
 14749 | D:12     | Bought a scroll of brand weapon for 152 gold pieces
 14829 | D:12     | Found Weicicsa's General Store.
 14832 | D:12     | Found Hyggoq's Book Shop.
 14936 | D:12     | Found a portal to a secret trove of treasure.
 15269 | D:13     | Noticed a centaur warrior
 15270 | D:13     | Noticed a centaur warrior
 15272 | D:13     | Killed a centaur warrior
 15276 | D:13     | Killed a centaur warrior
 15277 | D:13     | Reached XP level 13. HP: 75/91 MP: 13/13
 15483 | D:13     | Found a sparkling altar of Nemelex Xobeh.
 15640 | D:12     | Bought a scroll of enchant weapon for 120 gold pieces
 15738 | D:13     | Reached ***** piety under Trog
 16093 | D:13     | Reached skill level 15 in Fighting
 16630 | D:14     | Noticed a vault guard
 16641 | D:14     | Noticed a vault guard
 16858 | D:14     | Identified the +2 spear of Nightmares {flame, rF+ Int+3}
 16871 | D:14     | Noticed a vault guard
 16891 | D:14     | Killed a vault guard
 17112 | D:14     | Killed a vault guard
 17117 | D:14     | Gained mutation: Your large and strong wings let you fly.
                  | [Gargoyle growth]
 17117 | D:14     | Reached XP level 14. HP: 98/98 MP: 14/14
 17229 | D:14     | Found a gate to the Vaults.
 17959 | D:15     | Entered Level 15 of the Dungeon
 17959 | D:15     | Found a bloodstained altar of Trog.
 18056 | D:15     | Reached XP level 15. HP: 92/103 MP: 15/15
 18109 | D:15     | Reached skill level 15 in Axes
 18250 | D:15     | Found a staircase to the Depths.
 18674 | D:15     | Received a gift from Trog
 19198 | D:12     | Bought a potion of ambrosia for 136 gold pieces
 19292 | Lair:1   | Entered Level 1 of the Lair of Beasts
 20451 | Lair:2   | Found the +3 Elemental Staff {rElec rF++ rC++ AC+5}
 21291 | Lair:3   | Found a hole to the Spider Nest.
 21595 | Lair:3   | Reached ****** piety under Trog
 21643 | Lair:3   | Received a gift from Trog
 21852 | Lair:3   | Found a staircase to the Swamp.
 22235 | D:12     | Bought a shiny helmet for 232 gold pieces
 23347 | Lair:4   | Received a gift from Trog
 23483 | Lair:5   | Entered Level 5 of the Lair of Beasts
 23486 | Lair:5   | Reached XP level 16. HP: 111/111 MP: 16/16
 23509 | Lair:5   | Found a gate leading to a gauntlet.
 23534 | Gauntlet | Entered a Gauntlet
 23534 | Gauntlet | Found a transporter.
 23534 | Gauntlet | Found a transporter.
 23535 | Gauntlet | Found a transporter.
 23559 | Gauntlet | Found a transporter.
 23569 | Gauntlet | Found a transporter.
 23591 | Gauntlet | Found a transporter.
 23597 | Gauntlet | Found a transporter.
 23605 | Gauntlet | Found a transporter.
 23622 | Gauntlet | Found a transporter.
 23630 | Gauntlet | Found a transporter.
 23650 | Gauntlet | Found a transporter.
 23686 | Gauntlet | Found a transporter.
 23744 | Gauntlet | Gained mutation: You occasionally lose the ability to drink
                  | potions when taking damage. [a neqoxec]
 23765 | Gauntlet | Gained mutation: Potions are less effective at restoring
                  | your health. [a neqoxec]
 23917 | Gauntlet | Identified the ring of Edeuclus {Int+2 Dex+6}
 23925 | Gauntlet | Identified the +3 war axe of Tenacity {vorpal, rC- Int+6}
 23946 | Gauntlet | Identified the ring "Luus" {rPois Int+5}
 24551 | Lair:5   | Found a viscous altar of Jiyva.
 24551 | Lair:5   | Found a staircase to the Slime Pits.
 24644 | Lair:5   | Found a runed translucent door.
 25555 | D:12     | You paid a toll of +3 fire dragon scales to enter a
                  | treasure trove
 25556 | Trove    | Entered a treasure trove
 25721 | D:12     | Bought 2 scrolls of enchant armour for 240 gold pieces
 25774 | Orc:1    | Entered Level 1 of the Orcish Mines
 25871 | Orc:2    | Entered Level 2 of the Orcish Mines
 25895 | Orc:2    | Received a gift from Trog
 26075 | Orc:2    | Paralysed by an ogre mage for 3 turns
 26155 | Orc:2    | Reached skill level 15 in Shields
 26173 | Orc:2    | Found Inkozel's Assorted Antiques.
 26173 | Orc:2    | Found Eginez's Assorted Antiques.
 26178 | Orc:2    | Found Roadd's Antique Weapon Shoppe.
 26178 | Orc:2    | Found Nunaxt's Weapon Boutique.
 26385 | Orc:2    | Found a staircase to the Elven Halls.
 26695 | Orc:1    | Identified the +1 broad axe of the First Friends
                  | {antimagic, rF++ Str+9 Dex-4 SInv} (Trog gifted it to you
                  | on level 1 of the Orcish Mines)
 26695 | Orc:1    | Received a gift from Trog
 26883 | Orc:1    | Paralysed by an orc sorcerer for 3 turns
 27092 | Orc:1    | Found Vior's Magic Scroll Shop.
 27106 | Orc:1    | Bought a scroll of blinking for 120 gold pieces
 27106 | Orc:1    | Bought a scroll of magic mapping for 120 gold pieces
 27106 | Orc:1    | Bought a scroll of magic mapping for 120 gold pieces
 27106 | Orc:1    | Bought a scroll of magic mapping for 120 gold pieces
 27203 | Orc:1    | Paralysed by an orc sorcerer for 4 turns
 27337 | Orc:2    | Bought a potion of heal wounds for 150 gold pieces
 27338 | Orc:2    | Bought a scroll of enchant weapon for 195 gold pieces
 27407 | Orc:1    | Reached XP level 17. HP: 61/117 MP: 17/17
 27963 | Orc:2    | Bought a scroll of enchant armour for 195 gold pieces
 28169 | Swamp:1  | Entered Level 1 of the Swamp
 28206 | Swamp:1  | Identified the +1 pair of boots "Uzodugaa" {rPois Will+}
 28632 | Swamp:1  | Received a gift from Trog
 28840 | Swamp:1  | Reached skill level 15 in Armour
 30214 | Swamp:3  | Noticed Roxanne
 30231 | Swamp:3  | Killed Roxanne
 31043 | Swamp:4  | Entered Level 4 of the Swamp
 31076 | Swamp:4  | Received a gift from Trog
 31126 | Swamp:4  | Got a decaying rune of Zot
 31667 | Swamp:4  | Killed from afar by a will-o-the-wisp

Illustrated notes

Levels and vault maps discovered:
D:1:      dpeg_arrival_line_fractal, layout_loops_ring, serial_forest,
          infiniplex_forest_corner_1, infiniplex_forest_straight_2,
          infiniplex_forest_clump_long, infiniplex_forest_corner_2,
          infiniplex_forest_lined_corner, infiniplex_forest_zigzag_2,
          infiniplex_forest_end_3
D:2:      layout_loops_corners, shapermc_ecumenical_altar_pompeii,
          serial_aquarium, aquarium_bridge_long_separate
          [aquarium_subvault_bridge, aquarium_subvault_wall,
          aquarium_subvault_balcony, aquarium_subvault_window,
          aquarium_subvault_bridge, aquarium_subvault_bridge],
          aquarium_window_fake, aquarium_window_corner, aquarium_window_fake,
          aquarium_window_fake, aquarium_view_2c, minmay_strange_pillars,
          minmay_split_cup_small, uniq_robin
D:3:      layout_basic, okawaru_gym_becter, minmay_misc_feat_nine_boxes
D:4:      minmay_thinvault, layout_rooms, mainiacjoe_overflow_boulevard,
          portal_sewer_entry_d, minmay_vboxes
D:5:      layout_basic, ashenzari_conservatory_becter, minmay_door_square,
          nicolae_shop_clearance, uniq_edmund
D:6:      layout_basic, serial_shops, nicolae_shop_hallway_stairs,
          uniq_menkaure, uniq_eustachio
D:7:      layout_rooms, mainiacjoe_overflow_chevrons, jmf_multi_god_temple2,
          minmay_temple_entry_water_ring, hangedman_decor_slide_cut,
          kennysheep_generic_room_12, uniq_pikel
D:8:      layout_rooms, enter_bailey_2, chequers_serial_rivers_room_b, hex_tiny
D:9:      layout_irregular_city
D:10:     layout_basic, minmay_ruffians
D:11:     layout_basic, david_lair_shrubbed, david_orc_4, serial_shops,
          nicolae_shop_waterfront
D:12:     layout_cave_pools, nicolae_trove_entry_diagonal, serial_shops,
          shop_coins, grunt_ministairs_3, minmay_shop_grid_forest,
          kennysheep_generic_room_4, uniq_frances
D:13:     layout_basic, nemelex_diamond_rough_becter
D:14:     layout_gridville, grunt_vaults_entry_fortified, hangedman_decor_push
D:15:     hangedman_depths_entry_civil_slaughter, layout_basic, basic_altar
Temple:   nicolae_temple_superstar
Lair:1:   dpeg_oklob_gauntlet, layout_loops_ring, serial_bayou_pond_d,
          serial_bayou_lake_a
Lair:2:   layout_gridlike, lemuel_another_geyser, infiniplex_staircase_pool
Lair:3:   layout_hall_layers, skrybe_swamp_entry_bodies, spider_nest_entry_a
Lair:4:   regret_index_wax_grids, layout_hall_layers, pond, grunt_megastairs_5
Lair:5:   wormcave, layout_cave_shapes, slime_entry_1, gauntlet_entry_generic,
          guppyfry_lair_drakes, grunt_megastairs_3, lemuel_fruit_fields
Swamp:1:  layout_basic_swamp, nicolae_swamp_tree_designs
Swamp:2:  layout_basic_swamp, evilmike_swamp_ruin_rubble_1
Swamp:3:  layout_basic_swamp, nicolae_swamp_ascending_descending_big,
          uniq_roxanne
Swamp:4:  swamp, layout_basic_swamp, ldierk_geyser, swamp_pool1,
          nzn_swamp_dancing_lights
Orc:1:    layout_caves, serial_shops, shop, minmay_orc_temple_c
Orc:2:    st_orc_ogre_mass, layout_caves

Skill      XL: |  1  2  3  4  5  6  7  8  9 10 11 12 13 14 15 16 17 |
---------------+----------------------------------------------------+-----
Axes           | 2 3 4 5 6 8 9 11 12 14 16 18 | 18.0
Fighting       | 4 5 7 9 11 12 14 15 16 17 18 | 18.7
Armour         | 4 5 6 7 8 10 11 12 13 14 16 | 16.2
Shields        | 4 5 6 7 8 10 11 12 13 14 15 16 | 16.7

Action                   |  1- 3 |  4- 6 |  7- 9 | 10-12 | 13-15 | 16-18 || total
-------------------------+-------+-------+-------+-------+-------+-------++-------
Melee: War axe           |   152 |    72 |       |       |       |       ||   224
       Hand axe          |       |   126 |   459 |   334 |       |       ||   919
       Broad axe         |       |       |       |   143 |   383 |   548 ||  1074
Invok: Berserk           |       |       |       |     7 |       |     6 ||    13
  Use: Scroll            |       |     1 |    21 |     5 |     6 |     5 ||    38
       Potion            |       |       |     1 |       |     1 |       ||     2
Armor: Scale mail        |    64 |    91 |       |       |       |       ||   155
       Chain mail        |       |    82 |   352 |    24 |       |       ||   458
       Skin              |       |       |    38 |       |       |       ||    38
       Plate armour      |       |       |       |   253 |   195 |   127 ||   575
       Crystal plate arm |       |       |       |       |       |   121 ||   121
Dodge: Dodged            |    49 |   100 |   232 |   142 |    59 |    66 ||   648
Block: Buckler           |    20 |    41 |   109 |    50 |       |       ||   220
       Kite shield       |       |       |       |   248 |    94 |       ||   342
       Reflection        |       |       |       |    11 |    30 |    26 ||    67
       Tower shield      |       |       |       |       |   337 |   533 ||   870
       Rpst.: Hand axe   |       |       |       |    83 |       |       ||    83
       Broad axe         |       |       |       |    35 |   152 |   158 ||   345
